 Dungeon Crawl Stone Soup version 0.24-a0-182-gc7eaa07895 (webtiles) character file.

Game seed: 14547420999759416207

4133 Hercules1031 the Shield-Bearer (level 10, -1/91 HPs)
             Began as a Deep Dwarf Fighter on Mar 11, 2019.
             Was a Follower of Ashenzari.
             Slain by a wolf (3 damage)
             ... led by Grum
             ... on level 1 of the Lair of Beasts on Mar 14, 2019.
             The game lasted 00:19:34 (5852 turns).

Hercules1031 the Shield-Bearer (Deep Dwarf Fighter) Turns: 5852, Time: 00:19:35

Health: -1/91      AC: 14    Str: 24    XL:     10   Next: 6%
Magic:  0/10       EV: 11    Int:  8    God:    Ashenzari [*.....]
Gold:   636        SH: 11    Dex: 15    Spells: 9/9 levels left

rFire    . . .     SeeInvis .   a - +0 war axe
rCold    + . .     Gourm    .   c - +0 shield
rNeg     . . .     Faith    .   F - +4 scale mail (curse)
rPois    .         Spirit   +   I - +0 helmet (curse)
rElec    .         Reflect  .   (no cloak)
rCorr    .         Harm     .   h - +0 pair of gloves (curse)
MR       +....                  (no boots)
Stlth    ..........             g - amulet of guardian spirit (curse)
HPRegen  0.00/turn              H - ring "Wufinni" {Wiz rC+ Dex+3} (curse)
MPRegen  0.12/turn              (no ring)

@: non-regenerating, studying Bows, drained
A: damage resistance, heal wounds, sense surroundings 2, no regeneration
a: Heal Wounds, Curse Item, Scrying, Renounce Religion


You were on level 1 of the Lair of Beasts.
You worshipped Ashenzari.
Ashenzari was aware of your devotion.
You were not hungry.

You visited 2 branches of the dungeon, and saw 9 of its levels.
You also visited: Ossuary.

You collected 636 gold pieces.

Inventory:

Hand Weapons
 a - a +0 war axe (weapon)
Armour
 b - a +0 scale mail
 c - a +0 shield (worn)
 h - a cursed +0 pair of gloves (worn)
 u - a +0 pair of gloves
 F - a cursed +4 scale mail (worn)
 I - a cursed +0 helmet (worn)
Jewellery
 g - a cursed amulet of guardian spirit (around neck)
 q - an uncursed ring of ice
 H - the cursed ring "Wufinni" (left hand) {Wiz rC+ Dex+3}
   (You found it on level 6 of the Dungeon)

   [ring of wizardry]

   It improves your spell success rate.
   It affects your dexterity (+3).
   It protects you from cold.
   It has a curse placed upon it.
 K - a +2 amulet of reflection
 L - an uncursed amulet of rage
Wands
 m - a wand of paralysis (11)
 r - a wand of random effects (19)
 w - a wand of acid (9)
Scrolls
 i - 2 scrolls of fear {unknown}
 j - 10 scrolls of identify {unknown}
 o - 7 scrolls of enchant weapon {unknown}
 t - 3 scrolls of noise {unknown}
 x - a scroll of blinking {unknown}
 y - 3 scrolls of teleportation {unknown}
 A - 2 scrolls of random uselessness {unknown}
 D - 3 scrolls of amnesia {unknown}
 E - 2 scrolls of fog {unknown}
Potions
 d - 2 potions of might
 e - a potion of invisibility {unknown}
 k - 4 potions of brilliance {unknown}
 l - a potion of curing {unknown}
 n - 2 potions of degeneration {unknown}
 p - 5 potions of heal wounds {unknown}
 s - a potion of cancellation {unknown}
 v - 2 potions of flight {unknown}
 z - a potion of agility {unknown}
 B - 3 potions of mutation {unknown}
 C - 3 potions of lignification {unknown}
 J - a potion of berserk rage {unknown}
Books
 G - a manual of Bows
Comestibles
 f - 19 rations


   Skills:
 + Level 6.1(5.0) Fighting
 + Level 7.0(5.8) Axes
 + Level 7.3(6.1) Armour
 + Level 6.4(5.3) Dodging
 + Level 7.4(6.3) Shields
 + Level 7.2(6.1) Evocations


You had 9 spell levels left.
You didn't know any spells.
Your spell library contained the following spells:

 Spells                   Type           Power        Failure   Level  Hunger
 Freeze                   Ice            #...         73%         1    ##.....
 Summon Small Mammal      Summ           #...         73%         1    ##.....
 Call Imp                 Summ           #.......     86%         2    ###....
 Throw Frost              Conj/Ice       #.....       86%         2    ###....
 Call Canine Familiar     Summ           #.......     97%         3    ####...
 Ozocubu's Armour         Chrm/Ice       #.......     97%         3    ####...
 Summon Guardian Golem    Hex/Summ       #.......     97%         3    ####...
 Summon Ice Beast         Ice/Summ       #.......     100%        4    #####..
 Summon Lightning Spire   Summ/Air       #.......     100%        4    #####..
 Throw Icicle             Conj/Ice       #.......     100%        4    #####..


Dungeon Overview and Level Annotations

Branches:
Dungeon (8/15)             Temple (0/1) D:6            Lair (1/6) D:8

Altars:
Ashenzari
Cheibriados
Elyvilon
Kikubaaqudgha
Nemelex Xobeh
Okawaru
Qazlal
Ru
Sif Muna
Uskayaw
The Shining One

Annotations:
Lair:1 Grum


Innate Abilities, Weirdness & Mutations

You are resistant to damage.
You can heal yourself by infusing magical energy.
You passively map the area around you.
You do not regenerate.


Message History

The wolf bites you!
* * * LOW HITPOINT WARNING * * *
The wolf bites you but does no damage. x2; The wolf closely misses you.
You closely miss the wolf.
The wolf is moderately wounded.
You barely miss the wolf. You hit the wolf. You barely miss the wolf.
You block the wolf's attack. The wolf barely misses you. The wolf bites you.
The wolf misses you.
Grum hits you from afar with a -2 spear.
* * * LOW HITPOINT WARNING * * *
The wolf barely misses you. The wolf misses you. The wolf bites you.
* * * LOW HITPOINT WARNING * * *
The wolf closely misses you. You block Grum's attack.
You slash the wolf!
The wolf is severely wounded.
You hit the wolf. You barely miss the wolf. You miss the wolf.
The wolf misses you. The wolf bites you but does no damage. The wolf bites you.
* * * LOW HITPOINT WARNING * * *
The wolf closely misses you. The wolf bites you.
You die...

*,, ,
,...........#...P......
** ,
....................... ,
.......................
,, ,
......................<
,, ,,, ,
...................... .
...................... ,
*#P.#.#...†..............
*,
.....#h.....##.##+###...
,,, ......h@....####*
#... * ,,.....Phh....#
#... ,, ,*.....g.(....#*
, , +... ,,
*.............# ,, * ,
.....#......##* *, ,
*.....#......# * , ....
#......# ** ,, *
*....,#......., ,, , ,* ,
, ,, ,,


You could see Grum and 4 wolves.

Vanquished Creatures
  The ghost of xoxolimbo the Digger, an amateur GnEE (D:6)
  A hippogriff (D:8)
  Sigmund (D:3)
  Eustachio (D:6)
  A porcupine (Lair:1)
  A sky beast (D:8)
  2 ice beasts
  4 ogres
  A phantom (D:6)
  2 centaurs (D:7)
  A crocodile (Lair:1)
  Blork the orc (D:6)
  6 elf zombies (Ossuary)
  3 bullfrogs
  2 gnoll sergeants (D:6)
  A scorpion (D:5)
  7 wights
  2 howler monkeys
  A bullfrog zombie (D:6)
  2 crimson imps (D:6)
  5 centaur zombies
  4 hounds
  2 jellies (D:8)
  A centaur skeleton (D:6)
  2 human zombies (Ossuary)
  An orc priest (D:6)
  2 gnoll shamans
  2 iguanas
  4 orc wizards
  Jessica (D:5)
  Ijyb (D:4)
  3 worker ants
  2 hound skeletons
  4 mummies
  A worker ant zombie (D:6)
  7 gnolls
  5 adders
  3 oozes
  3 adder skeletons
  2 worms
  2 dart slugs (D:2)
  3 leopard geckos
  15 orcs
  5 giant cockroaches
  7 goblins
  7 hobgoblins
  4 jackals
  5 quokkas
  2 ball pythons
  9 bats
  12 frilled lizards
  6 kobolds
  A quokka zombie (D:8)
  6 rats
  A plant (D:6)
181 creatures vanquished.

Vanquished Creatures (others)
  A plant (D:6)
1 creature vanquished.

Grand Total: 182 creatures vanquished

Notes
Turn   | Place    | Note
-------+----------+-------------------------------------------
     0 | D:1      | Hercules1031 the Deep Dwarf Fighter began the quest for the
                  | Orb.
     0 | D:1      | Reached XP level 1. HP: 20/20 MP: 1/1
    48 | D:1      | Reached XP level 2. HP: 18/27 MP: 2/2
   210 | D:1      | Reached skill level 1 in Dodging
   495 | D:1      | Reached XP level 3. HP: 22/34 MP: 0/3
   815 | D:2      | Upgraded the game from 0.24-a0-170-gd8427f5388 to
                  | 0.24-a0-182-gc7eaa07895
   830 | D:2      | You fall through a shaft!
  1128 | D:2      | Reached XP level 4. HP: 36/42 MP: 0/4
  1412 | D:2      | Found a hide-covered altar of Uskayaw.
  1631 | D:3      | Found a sacrificial altar of Ru.
  1740 | D:3      | Found a snail-covered altar of Cheibriados.
  1764 | D:3      | Reached skill level 1 in Evocations
  1836 | D:3      | Reached XP level 5. HP: 47/49 MP: 0/5
  1888 | D:3      | Noticed Sigmund
  1918 | D:3      | HP: 2/49 [something (12)]
  1925 | D:3      | Killed Sigmund
  1925 | D:3      | Reached XP level 6. HP: 18/56 MP: 0/7
  2427 | D:4      | Noticed Ijyb
  2443 | D:4      | Killed Ijyb
  2903 | D:5      | Entered Level 5 of the Dungeon
  2903 | D:5      | Found a shattered altar of Ashenzari.
  2957 | D:5      | Found a deep blue altar of Sif Muna.
  3001 | D:5      | Reached XP level 7. HP: 45/63 MP: 0/9
  3023 | D:5      | Found a white marble altar of Elyvilon.
  3062 | D:5      | Found a sparkling altar of Nemelex Xobeh.
  3062 | D:5      | Noticed Jessica
  3067 | D:5      | Killed Jessica
  3161 | D:5      | Found an ancient bone altar of Kikubaaqudgha.
  3161 | D:5      | Found an iron altar of Okawaru.
  3263 | D:5      | Found a glowing golden altar of the Shining One.
  3332 | D:5      | Noticed a water elemental
  3334 | D:5      | Found a stormy altar of Qazlal.
  3340 | D:5      | Noticed an air elemental
  3340 | D:5      | Noticed a fire elemental
  3379 | D:5      | Reached skill level 5 in Armour
  3379 | D:5      | Reached skill level 5 in Shields
  3404 | D:5      | Became a worshipper of Ashenzari the Shackled
  3670 | D:6      | Found a sand-covered staircase.
  3679 | Ossuary  | Entered an ossuary
  3721 | Ossuary  | Reached XP level 8. HP: 32/73 MP: 0/10
  3819 | Ossuary  | Reached skill level 5 in Axes
  3928 | Ossuary  | Reached skill level 5 in Evocations
  3990 | D:6      | Noticed Blork the orc
  4008 | D:6      | Killed Blork the orc
  4008 | D:6      | Reached skill level 5 in Fighting
  4048 | D:6      | Noticed Eustachio
  4059 | D:6      | Killed Eustachio
  4059 | D:6      | Reached skill level 5 in Dodging
  4060 | D:6      | Found a staircase to the Ecumenical Temple.
  4114 | D:6      | Found a transporter.
  4151 | D:6      | Gained mutation: You passively map the area around you.
                  | [Deep Dwarf growth]
  4151 | D:6      | Reached XP level 9. HP: 31/81 MP: 0/10
  4272 | D:6      | Found a transporter.
  4342 | D:6      | Noticed xoxolimbo's ghost (amateur GnEE)
  4343 | D:6      | Identified the ring "Wufinni" {Wiz rC+ Dex+3}
  4362 | D:6      | Killed xoxolimbo's ghost
  5082 | D:8      | Found a staircase to the Lair.
  5138 | D:8      | Reached * piety under Ashenzari
  5489 | D:8      | Found a hide-covered altar of Uskayaw.
  5703 | D:8      | Reached XP level 10. HP: 54/91 MP: 0/10
  5788 | Lair:1   | Entered Level 1 of the Lair of Beasts
  5843 | Lair:1   | Noticed Grum
  5851 | Lair:1   | HP: 3/91 [wolf[Grum] (2)]
  5852 | Lair:1   | Slain by a wolf

Levels and vault maps discovered:
D:1:      lightli_arrival_boilingwater, layout_loops_ring, chequers_big_river
D:2:      layout_loops_ring, eat_drink_and_be_merry_uskayaw, first_ration
D:3:      layout_basic, old_standard_altar, minivault_14,
          nicolae_ru_the_path_less_chosen, uniq_sigmund
D:4:      layout_basic, uniq_ijyb
D:5:      layout_cave_pools, nicolae_qazlal_style_of_elements,
          nicolae_overflow_crystal_walls, lemuel_round_altar,
          nicolae_ashenzari_panopticon, gammafunk_temple_overflow_elements,
          basic_altar, nemelex_lonely_heart_becter
D:6:      layout_rooms, minmay_temple_entry_offerings,
          gammafunk_ghost_gnarly_gnolls, gup_ossuary_entry_pyramid,
          uniq_eustachio, uniq_blork_the_orc
D:7:      layout_rooms
D:8:      layout_gridville, lair_entry_dummy, basic_altar
Lair:1:   cheibrodos_lair_river_kwai, layout_regular_city, lemuel_fruit_tree,
          uniq_grum
Ossuary:  ossuary_minmay_four_chambers

Skill      XL: |  1  2  3  4  5  6  7  8  9 10 |
---------------+-------------------------------+-----
Dodging        | 1 2 3 4 5 6 |  6.4
Fighting       | 3 4 5 6 |  6.1
Axes           | 3 4 5 6 7 |  7.0
Armour         | 4 5 6 7 |  7.3
Shields        | 4 5 6 7 |  7.4
Evocations     | 1 2 3 4 5 7 |  7.2

Action                   |  1- 3 |  4- 6 |  7- 9 | 10-12 || total
-------------------------+-------+-------+-------+-------++-------
Melee: War axe           |   126 |   212 |   504 |    19 ||   861
Invok: Curse Item        |       |       |     5 |       ||     5
 Abil: Heal Wounds       |     2 |     8 |    12 |       ||    22
  Use: Potion            |       |       |     1 |       ||     1
  Eat: Ration            |     1 |     2 |     2 |     1 ||     6
Armor: Scale mail        |    86 |    90 |   199 |    13 ||   388
Dodge: Dodged            |    53 |    97 |   197 |    31 ||   378
Block: Shield            |    88 |   123 |   292 |    21 ||   524

Table legend:
 A = Non-vault XP
 B = Vault XP
 C = Vault XP percentage of total XP
 D = Non-vault monster count
 E = Vault monster count
 F = Vault count percentage of total count
                 A         B        C        D         E       F
            +---------+---------+-------+---------+---------+-------
      Total |    3805 |    2100 |  35.6 |     151 |      29 |  16.1
            +---------+---------+-------+---------+---------+-------
        D:1 |      46 |       0 |   0.0 |      23 |       0 |   0.0
        D:2 |      64 |       0 |   0.0 |      19 |       0 |   0.0
        D:3 |     113 |     227 |  66.8 |      31 |       1 |   3.1
        D:4 |     185 |      36 |  16.3 |       8 |       1 |  11.1
        D:5 |     471 |      37 |   7.3 |      16 |       1 |   5.9
        D:6 |     686 |     900 |  56.7 |      17 |      11 |  39.3
        D:7 |     820 |       0 |   0.0 |      16 |       0 |   0.0
        D:8 |    1086 |       0 |   0.0 |      18 |       0 |   0.0
     Lair:1 |     334 |       0 |   0.0 |       3 |       0 |   0.0
    Ossuary |       0 |     900 | 100.0 |       0 |      15 | 100.0
            +---------+---------+-------+---------+---------+-------
